AoeStats
← CaptainCarrot

Scandinavia

510949891Analyzed
1v1 RM · 9h ago on Oct 3, 2026· 49m 17s· 2 players
Game mode
Random Map
Map size
Tiny (2 player)
Population
200
Speed
Normal
Resources
Standard
Victory
Conquest
Starting age
Dark Age
Ending age
Imperial Age
RankedLock teamsTeams togetherTeam positionsShared explorationLock speedFull tech treeHidden civsTurbo modeCheats
Victory
Defeat
🇳🇱 Italians · Netherlands
1316
+14
🇩🇪 Ethiopians · Germany
1282
-14
Lemmingheer
6:58 Loom
9:36 Feudal Age
12:37 Double-Bit Axe
13:25 Fletching
14:31 Horse Collar
18:14 Wheelbarrow
18:18 Fishing Lines
21:38 Castle Age
22:51 Bow Saw
22:39 Bodkin Arrow
22:06 Crossbowman
22:45 Gold Mining
24:59 Thumb Ring
30:47 Masonry
31:27 Ballistics
35:25 Heavy Plow
38:40 Imperial Age
38:39 Scale Mail Armor
38:50 Forging
39:23 Bracer
39:50 Conscription
40:56 Chemistry
41:10 Siege Engineers
42:19 Chain Mail Armor
47:26 Plate Mail Armor
46:20 Arbalester
47:58 Forging
CaptainCarrot
7:52 Loom
9:59 Feudal Age
10:39 Double-Bit Axe
14:30 Town Watch
17:08 Castle Age
15:40 Fletching
15:50 Padded Archer Armor
15:51 Gold Mining
15:56 Horse Collar
17:58 Bodkin Arrow
18:19 Leather Archer Armor
18:25 Elite Skirmisher
21:53 Bow Saw
24:29 Scale Barding Armor
30:54 Ballistics
32:10 Stone Mining
38:02 Imperial Age
36:48 Heavy Plow
40:08 Chemistry
40:12 Wheelbarrow
41:13 Masonry
41:10 Cavalier
43:00 Ring Archer Armor
42:31 Bracer
43:14 Scale Mail Armor
44:57 Thumb Ring
45:53 Conscription
46:15 Cavalier
49:00 Bloodlines
48:50 Husbandry
Connection lost

Rejoining the realm…

Still unreachable

The connection could not be restored.

Session expired

The server has moved on; the page needs a fresh start.